 Dungeon Crawl Stone Soup version 0.18.1-8-gdd0e5ea (webtiles) character file.

7227 juanjsm the Unseen (level 10, -21/49 HPs)
             Began as a Spriggan Enchanter on June 4, 2016.
             Was a Believer of Ashenzari.
             Demolished by Maud
             ... wielding a +3 demon trident of pain
              (42 damage)
             ... on level 11 of the Dungeon on June 6, 2016.
             The game lasted 00:51:57 (9732 turns).

juanjsm the Unseen (Spriggan Enchanter)             Turns: 9732, Time: 00:51:58

Health: -21/49     AC:  4    Str:  4    XL:     10   Next: 88%
Magic:  26/33      EV: 23    Int: 20    God:    Ashenzari [**....]
Gold:   893        SH:  0    Dex: 17    Spells: 4 memorised, 18 levels left

rFire  + . .     SeeInvis +     a - +1 dagger
rCold  . . .     Gourm    .     b - +1 robe
rNeg   . . .     Faith    +     (shield restricted)
rPois  .         Spirit   .     (helmet restricted)
rElec  .         Dismiss  .     t - +0 cloak (curse)
rCorr  .         Reflect  .     (gloves unavailable)
SustAt .         Harm     .     (boots unavailable)
MR     +....                    m - amulet of faith
Stlth  +++++++...               F - ring of protection from fire (curse)
                                x - ring of magical power (curse)

@: very quick, somewhat resistant to hostile enchantments, extremely stealthy
A: unfitting armour, see invisible, herbivore 3, speed 3, slow metabolism 2
a: Curse Item, Scrying, Renounce Religion


You were on level 11 of the Dungeon.
You worshipped Ashenzari.
Ashenzari was pleased with you.
You were full.

You visited 2 branches of the dungeon, and saw 12 of its levels.
You also visited: Bailey.

You collected 893 gold pieces.

Inventory:

Hand Weapons
 a - a +1 dagger (weapon)
Armour
 b - a +1 robe (worn)
 t - a cursed +0 cloak (worn)
Jewellery
 m - an amulet of faith (around neck)
 p - an uncursed amulet of rage
 x - a cursed ring of magical power (left hand)
 y - a +2 ring of dexterity
 F - a cursed ring of protection from fire (right hand)
 M - an uncursed amulet of guardian spirit
Wands
 l - a wand of flame (26/48)
 q - a wand of random effects (14/48)
 z - a wand of enslavement (15/24)
 E - a wand of lightning (9/15)
 K - a wand of paralysis (15/24)
 L - a wand of iceblast (5/15)
Scrolls
 d - a scroll of enchant weapon {unknown}
 e - 2 scrolls of teleportation
 f - a scroll of fog {unknown}
 i - 3 scrolls of amnesia {unknown}
 s - 2 scrolls of blinking {unknown}
 u - a scroll of enchant armour {unknown}
 w - a scroll of noise {unknown}
 A - 2 scrolls of vulnerability {unknown}
 B - a scroll of magic mapping {unknown}
 C - a scroll of random uselessness {unknown}
 D - a scroll of brand weapon {unknown}
 G - a scroll of summoning {unknown}
 I - 3 scrolls of remove curse
Potions
 g - 2 potions of curing
 h - 2 potions of haste
 j - a potion of degeneration {unknown}
 k - 3 potions of flight
 n - 2 potions of cure mutation
 o - 2 potions of brilliance
 v - 2 potions of agility
 J - a potion of ambrosia
Books
 c - a book of Maledictions

   Spells                             Type                      Level
   a - Corona                         Hexes                        1
   b - Ensorcelled Hibernation        Hexes/Ice                    2
   c - Confuse                        Hexes                        3
   d - Tukima's Dance                 Hexes                        3
   e - Dazzling Spray                 Conjuration/Hexes            3
Miscellaneous
 H - a stone of tremors
 N - a fan of gales
Comestibles
 r - 3 bread rations


   Skills:
 * Level 3.5 Fighting
 * Level 4.8 Short Blades
 * Level 7.5 Dodging
 * Level 15.3 Stealth
 * Level 9.3 Spellcasting
 * Level 3.2(4.5) Conjurations
 + Level 7.7(9.2) Hexes
 - Level 2.0(3.1) Ice Magic


You had 18 spell levels left.
You knew the following spells:

 Your Spells              Type           Power        Failure   Level  Hunger
a - Corona                Hex            #####..      1%          1    None
b - Ensorcelled Hibernat  Hex/Ice        ####..       1%          2    None
c - Confuse               Hex            #####...     1%          3    None
d - Dazzling Spray        Conj/Hex       #####...     1%          3    None


Dungeon Overview and Level Annotations

Branches:
Dungeon (11/15)            Temple (1/1) D:5
   Lair: D:8-11         Orc: D:9-12

Altars:
Ashenzari
Cheibriados
Dithmenos
Elyvilon
Fedhas
Gozag
Kikubaaqudgha
Makhleb
Okawaru
Pakellas
Qazlal
Ru
Sif Muna
Trog
Vehumet
Xom
Yredelemnul
Zin
The Shining One

Shops:
D:4 (   D:7 *

Annotations:
D:4 Blork the orc; Edmund; Grinder; Menkaure
D:11 Maud; nikopol's ghost, journeyman MiBe; nikopol's ghost, novice MiBe


Innate Abilities, Weirdness & Mutations

You are tiny and cannot use many weapons and most armour.
You have supernaturally acute eyesight.
You are a herbivore.
You cover ground extremely quickly.
You need consume almost no food.


Message History

The orc looks drowsy...
You hear a shout! x3
The orc shouts!
You hit the orc.
The orc is heavily wounded.
Casting: Ensorcelled Hibernation
Confirm with . or Enter, or press ? or * to list all spells.
Aiming: Confuse
Press: ? - help, Shift-Dir - straight line, f/p - orc
Aim: an orc, wielding a mace and wearing a leather armour (heavily wounded, chance to defeat MR: 92%)
The orc appears confused.
Casting: Confuse
Confirm with . or Enter, or press ? or * to list all spells.
Aiming: Confuse
Press: ? - help, Shift-Dir - straight line, f - hill giant, p - orc
Aim: a hill giant, wielding a giant spiked club (chance to defeat MR: 53%)
The hill giant resists with significant effort.
Maud hits you from afar with a demon trident of pain!!!
Ouch! That really hurt!
You die...

, * ##.....##
,, * #C......#
,,, * ,
#.......# * , ,
, #.......# *,
, * #....##.# *
, * #..####.##
# *
,,#..o.o...##
*.# *
##C#####..###.#
,* *
#....@.#......#
*,
#..o.#....)...#
* * ,
#.##@##..)∩).##
## , * ...
#.###..)..# #(
#### #.#
#.....# #. , *
#.# #######
####. , , #o#
#.... * ##.##
#.### , #...#
#.###


You could see Maud, a hill giant, an orc wizard and an orc (confused).

Vanquished Creatures
  The ghost of n0ize the Cleaver, a novice HOFi (Bailey)
  The ghost of nikopol the Cleaver, a novice MiBe of Trog (D:8)
  Pikel (D:6)
  The ghost of Zleub the Covered, a novice MiFi of Qazlal (D:5)
  The ghost of Jersh the Nimble, a novice SpCj of Sif Muna (D:7)
  A troll (D:8)
  A steam dragon (D:9)
  2 hippogriffs
  3 ice beasts
  2 sky beasts
  A slave (D:6)
  4 phantoms
  3 ogres
  4 centaurs
  A big kobold (D:7)
  5 giant frogs
  9 gnoll sergeants
  2 scorpions
  9 killer bees (D:7)
  2 howler monkeys
  7 crimson imps
  9 hounds
  A jelly (D:6)
  2 orc wizards
  Ijyb (D:2)
  A centaur skeleton (D:4)
  3 giant frog skeletons
  6 gnoll shamans (Bailey)
  3 iguanas
  2 worker ants
  A hound zombie (D:5)
  28 gnolls
  A howler monkey skeleton (D:7)
  2 worker ant zombies
  13 adders
  2 adder zombies
  An ooze (D:4)
  4 adder skeletons
  4 worms
  A dart slug (D:2)
  6 giant geckos
  25 orcs
  2 ball pythons
  4 giant cockroaches
  7 goblins
  8 hobgoblins
  A quokka (D:2)
  A ball python zombie (D:5)
  7 bats
  5 giant newts
  A goblin skeleton (D:6)
  2 hobgoblin zombies (D:6)
  15 kobolds
  2 kobold skeletons (D:6)
  A kobold zombie (D:6)
  An orc skeleton (D:6)
  An orc zombie (D:6)
  6 rats
241 creatures vanquished.

Vanquished Creatures (others)
  A crimson imp (D:6)
  A kobold skeleton (D:6)
  An orc zombie (D:6)
3 creatures vanquished.

Grand Total: 244 creatures vanquished

Notes
Turn   | Place    | Note
--------------------------------------------------------------
     0 | D:1      | juanjsm the Spriggan Enchanter began the quest for the Orb.
     0 | D:1      | Reached XP level 1. HP: 9/9 MP: 5/5
   121 | D:2      | Reached XP level 2. HP: 13/13 MP: 6/6
   127 | D:2      | Learned a level 2 spell: Ensorcelled Hibernation
   155 | D:1      | Reached skill level 5 in Stealth
   659 | D:1      | Reached XP level 3. HP: 16/16 MP: 5/8
   664 | D:1      | Learned a level 3 spell: Confuse
   809 | D:2      | Reached skill level 6 in Stealth
   811 | D:2      | Reached XP level 4. HP: 21/21 MP: 2/9
  1352 | D:2      | Noticed Ijyb
  1393 | D:2      | Killed Ijyb
  1401 | D:2      | Found an opulent altar of Gozag.
  1498 | D:2      | Found a radiant altar of Vehumet.
  1527 | D:2      | Reached skill level 7 in Stealth
  1528 | D:2      | Found a shimmering altar of Xom.
  1570 | D:2      | Reached XP level 5. HP: 25/25 MP: 6/10
  1585 | D:2      | Learned a level 3 spell: Dazzling Spray
  2108 | D:4      | Found Dekytsuacs's Antique Weapon Shoppe.
  2475 | D:4      | Noticed an ogre
  2748 | D:4      | Reached XP level 6. HP: 29/29 MP: 2/12
  2794 | D:4      | Noticed Blork the orc
  2837 | D:5      | Entered Level 5 of the Dungeon
  2876 | D:4      | Reached skill level 8 in Stealth
  2876 | D:4      | Reached skill level 5 in Hexes
  2931 | D:4      | Reached skill level 1 in Ice Magic
  2981 | D:4      | Noticed Grinder
  3061 | D:4      | Noticed Edmund
  3233 | D:4      | Reached skill level 1 in Fighting
  3241 | D:4      | Found an oddly glowing altar of Pakellas.
  3363 | D:4      | Noticed Menkaure
  3469 | D:5      | Reached XP level 7. HP: 33/33 MP: 9/14
  3495 | D:5      | Found a shadowy altar of Dithmenos.
  4009 | D:5      | Noticed a rust devil
  4066 | D:5      | Reached skill level 9 in Stealth
  4245 | D:5      | Noticed Zleub's ghost (novice MiFi)
  4266 | D:5      | Reached skill level 5 in Spellcasting
  4295 | D:5      | Reached skill level 10 in Stealth
  4577 | D:5      | Reached XP level 8. HP: 37/37 MP: 9/16
  4625 | D:5      | Noticed an angel
  4791 | D:5      | Found a staircase to the Ecumenical Temple.
  4867 | Temple   | Entered the Ecumenical Temple
  4904 | Temple   | Became a worshipper of Ashenzari the Shackled
  5306 | D:5      | Killed Zleub's ghost
  5306 | D:5      | Reached skill level 5 in Dodging
  5306 | D:5      | Reached skill level 11 in Stealth
  5424 | D:6      | Reached skill level 1 in Conjurations
  5678 | D:6      | Noticed Pikel
  5683 | D:6      | Killed Pikel
  5683 | D:6      | Reached skill level 12 in Stealth
  5683 | D:6      | Reached XP level 9. HP: 42/42 MP: 20/20
  5699 | D:6      | Found a glowing golden altar of the Shining One.
  6097 | D:7      | Found a white marble altar of Elyvilon.
  6149 | D:7      | Reached skill level 13 in Stealth
  6450 | D:7      | Noticed Jersh's ghost (novice SpCj)
  6471 | D:7      | Killed Jersh's ghost
  6497 | D:8      | Reached * piety under Ashenzari
  6780 | D:7      | Found Biomu's Assorted Antiques.
  6806 | D:7      | Found a shadowy altar of Dithmenos.
  7128 | D:7      | Found a burning altar of Makhleb.
  7128 | D:7      | Found a snail-covered altar of Cheibriados.
  7129 | D:7      | Found a glowing silver altar of Zin.
  7249 | D:7      | Reached XP level 10. HP: 37/47 MP: 7/23
  7518 | D:7      | Found a blossoming altar of Fedhas.
  7727 | D:8      | Reached skill level 14 in Stealth
  7761 | D:8      | Noticed nikopol's ghost (novice MiBe)
  7782 | D:8      | Killed nikopol's ghost
  7792 | D:8      | Found a bloodstained altar of Trog.
  8613 | D:9      | Reached ** piety under Ashenzari
  8696 | D:10     | Entered Level 10 of the Dungeon
  8747 | D:11     | Noticed nikopol's ghost (novice MiBe)
  8769 | D:11     | Noticed nikopol's ghost (journeyman MiBe)
  8773 | D:11     | Found a flagged portal.
  8780 | Bailey   | Entered a bailey
  8977 | Bailey   | Noticed n0ize's ghost (novice HOFi)
  9190 | Bailey   | Reached skill level 15 in Stealth
  9446 | Bailey   | Killed n0ize's ghost
  9705 | D:11     | Noticed Maud
  9712 | D:11     | Noticed a hill giant
  9732 | D:11     | Demolished by Maud

Skill      XL: |  1  2  3  4  5  6  7  8  9 10 |
---------------+-------------------------------+-----
Stealth        | 5 6 7 8 10 12 13 15 | 15.3
Hexes          | 4 5 6 7 |  7.7
Spellcasting   | 3 4 5 7 8 9 |  9.3
Dodging        | 4 5 6 7 |  7.5
Ice Magic      | 1 2 |  2.0
Fighting       | 1 2 3 |  3.5
Short Blades   | 2 3 4 |  4.8
Conjurations   | 1 2 3 |  3.2

Action                   |  1- 3 |  4- 6 |  7- 9 | 10-12 || total
-------------------------+-------+-------+-------+-------++-------
Melee: Dagger            |    33 |   172 |   220 |   144 ||   569
 Cast: Ensorcelled Hiber |    15 |    41 |    82 |    53 ||   191
       Confuse           |       |    11 |    25 |    25 ||    61
       Corona            |       |     2 |       |       ||     2
       Dazzling Spray    |       |     1 |     6 |     9 ||    16
Invok: Curse Item        |       |       |     3 |       ||     3
  Use: Potion            |       |     1 |     4 |     1 ||     6
       Scroll            |       |       |     1 |     5 ||     6
 Stab: Sleeping          |    23 |    49 |    65 |    38 ||   175
       Confused          |       |     5 |    16 |    18 ||    39
       Distracted        |       |     1 |     1 |       ||     2
       Invisible         |       |       |     2 |     8 ||    10
  Eat: Bread ration      |       |     1 |       |     1 ||     2
       Pizza             |       |       |     2 |       ||     2
       Fruit             |       |       |     1 |       ||     1
Armor: Robe              |     3 |    11 |    11 |     4 ||    29
Dodge: Dodged            |    15 |    95 |   218 |   128 ||   456
